 Dungeon Crawl Stone Soup version 0.28.0-62-gf88900778d (webtiles) character file.

Game seed: 13463031202995255549

2925 cbfl8 the Cleaver (level 9, -4/74 HPs)
             Began as a Minotaur Fighter on June 30, 2023.
             Was a Priest of Okawaru.
             Slain by a sixfirhy (10 damage)
             ... summoned by an orc high priest
             ... in a bailey.
             The game lasted 00:11:42 (9160 turns).

cbfl8 the Cleaver (Minotaur Fighter)                Turns: 9160, Time: 00:11:44

Health: -4/74      AC: 16    Str: 27    XL:     9   Next: 50%
Magic:  10/11      EV: 15    Int:  9    God:    Okawaru [***...]
Gold:   415        SH:  7    Dex: 14    Spells: 8/8 levels left

rFire   + . .      SeeInvis .   a - +0 war axe
rCold   . . .      Faith    .   c - +0 buckler
rNeg    . . .      Spirit   .   u - +0 plate armour
rPois   .          Reflect  .   (helmet restricted)
rElec   .          Harm     .   (no cloak)
rCorr   .          Rampage  .   (no gloves)
Will    .....                   j - +0 pair of boots
Stlth   ..........              (no amulet)
HPRegen 0.22/turn               b - ring "Hinwaet" {rF+ Str+6 Int+4}
MPRegen 0.12/turn               l - +4 ring of evasion

@: heroic
A: horns 2, retaliatory headbutt
a: Renounce Religion, Heroism


You were in a bailey.
You worshipped Okawaru.
Okawaru was most pleased with you.
You visited 2 branches of the dungeon, and saw 8 of its levels.
You also visited: Bailey.

You collected 415 gold pieces.

Inventory:

Hand Weapons
 a - a +0 war axe (weapon)
Armour
 c - a +0 buckler (worn)
 j - a +0 pair of boots (worn)
 u - a +0 plate armour (worn)
Jewellery
 b - the ring "Hinwaet" (left hand) {rF+ Str+6 Int+4}
   (You acquired it in a bailey)

   [ring of strength]

   Str:       It affects your strength (+6).
   Int:       It affects your intelligence (+4).
   rF:        It protects you from fire.
 i - a ring of willpower
 l - a +4 ring of evasion (right hand)
 o - a ring of poison resistance
Scrolls
 k - a scroll of enchant weapon
 m - a scroll of teleportation
 p - a scroll of fear {unknown}
 q - a scroll of immolation {unknown}
 r - a scroll of noise
 s - a scroll of enchant armour {unknown}
 t - a scroll of torment {unknown}
Potions
 d - a potion of invisibility {unknown}
 e - a potion of attraction {unknown}
 f - a potion of haste {unknown}
 g - a potion of heal wounds
 h - a potion of curing {unknown}


   Skills:
 + Level 5.3(10.3) Fighting
 * Level 9.6(14.6) Axes
 + Level 6.2(11.2) Armour
 * Level 4.3(9.3) Dodging
 * Level 3.5(8.5) Stealth
 * Level 6.0(11.0) Shields
 * Level 4.0 Invocations
 * Level 3.4 Evocations


You had 8 spell levels left.
You didn't know any spells.
Your spell library contained the following spells:

 Spells                   Type           Power      Damage    Failure   Level
 Beastly Appendage        Tmut           0%         N/A       99%         1
 Foxfire                  Conj/Fire      0%         2x1d4     99%         1
 Wereblood                Tmut           0%         N/A       99%         2
 Conjure Flame            Conj/Fire      0%         6-21      100%        3
 Ignite Poison            Fire/Tmut/Pois 0%         N/A       100%        3
 Inner Flame              Hex/Fire       0%         N/A       100%        3
 Spider Form              Tmut/Pois      0%         N/A       100%        3
 Flame Wave               Conj/Fire      0%         2d4       100%        4
 Sticky Flame             Conj/Fire      0%         2d3       100%        4


Dungeon Overview and Level Annotations

Branches:
Dungeon (7/15)             Temple (1/1) D:5          Bailey (1/1)

Altars:
Ashenzari
Cheibriados
Dithmenos
Elyvilon
Fedhas
Gozag
Hepliaklqana
Kikubaaqudgha
Makhleb
Nemelex Xobeh
Okawaru
Qazlal
Trog
Uskayaw
Vehumet
Wu Jian
Xom
Zin

Annotations:
D:6 1 runed translucent door, Crazy Yiuf


Innate Abilities, Weirdness & Mutations

You have a pair of horns on your head.
You reflexively headbutt those who attack you in melee.


Message History

You closely miss the hellwing. You miss the sixfirhy.
You block the sixfirhy's attack. The sixfirhy hits you.
The sixfirhy shocks you! You block the hellwing's attack.
The hellwing hits you but does no damage.
The sixfirhy hits you!
* * * LOW HITPOINT WARNING * * *
The sixfirhy shocks you!
* * * LOW HITPOINT WARNING * * *
The orc high priest closely misses you.
You barely miss the orc high priest. You headbutt the orc high priest.
The orc high priest is severely wounded.
You hit the hellwing but do no damage. You hit the sixfirhy.
The hellwing barely misses you.
The hellwing hits you but does no damage.
You hit the orc high priest.
The orc high priest is almost dead.
You closely miss the hellwing. You hit the sixfirhy but do no damage.
The orc high priest hits you with a +0 broad axe.
* * * LOW HITPOINT WARNING * * *
Unknown command.
You closely miss the orc high priest.
The orc high priest is severely wounded.
You slash the sixfirhy! You hit the hellwing.
The hellwing hits you but does no damage.
You block the hellwing's attack. The orc high priest closely misses you.
You hit the orc high priest but do no damage.
Your headbutt misses the orc high priest.
The orc high priest is severely wounded.
You barely miss the sixfirhy. You barely miss the hellwing.
The sixfirhy hits you but does no damage.
You block the sixfirhy's attack. The hellwing closely misses you.
The hellwing barely misses you. The orc high priest closely misses you.
You block the sixfirhy's attack.
You hit the orc high priest but do no damage.
You headbutt the orc high priest!
The orc high priest is almost dead.
You slash the sixfirhy! You hit the hellwing.
The sixfirhy hits you but does no damage.
The sixfirhy hits you!
You die...

##### #.∩.# ###...###
#....4..# #...@...#
#...o3..# #.......#
#########.......########
≈≈≈≈≈≈≈≈.........≈≈≈≈≈≈≈
≈≈≈≈≈≈≈≈≈≈≈...≈≈≈≈≈≈≈≈≈≈
≈≈≈≈≈≈≈≈≈≈≈...≈≈≈≈≈≈≈≈≈≈
≈≈≈≈≈≈≈≈≈≈≈...≈≈≈≈≈≈≈≈≈≈
≈≈≈≈≈≈≈≈≈≈≈...≈≈≈≈≈≈≈≈≈≈


You could see an orc high priest, a hellwing (summoned) and a sixfirhy
(summoned).

Vanquished Creatures
  An orc sorcerer (Bailey)
  Grinder (D:4)
  2 water moccasins
  6 orc warriors (Bailey)
  An ice beast (D:4)
  A sky beast (D:6)
  A necrophage (D:6)
  A centaur (D:5)
  2 phantoms
  3 bullfrogs
  A scorpion (D:4)
  2 water moccasin skeletons (D:5)
  An electric eel (Bailey)
  3 howler monkeys
  A bullfrog zombie (D:7)
  2 hounds
  3 orc priests
  A centaur skeleton (D:3)
  4 orc wizards
  Robin (D:4)
  3 gnolls (Bailey)
  10 adders
  A howler monkey skeleton (D:6)
  2 shadow imps
  2 ufetubi
  A worm (D:2)
  29 orcs
  4 bats
  7 endoplasms
  3 giant cockroaches
  21 goblins
  14 hobgoblins
  4 jackals (D:3)
  3 quokkas
  6 ball pythons
  16 frilled lizards
  4 kobolds
  5 rats
173 creatures vanquished.

Vanquished Creatures (others)
  13 plants
13 creatures vanquished.

Grand Total: 186 creatures vanquished

Notes
Turn   | Place    | Note
-------+----------+-------------------------------------------
     0 | D:1      | cbfl8 the Minotaur Fighter began the quest for the Orb.
     0 | D:1      | Reached XP level 1. HP: 19/19 MP: 0/0
    58 | D:1      | Found a faded altar of an unknown god.
   307 | D:1      | Reached XP level 2. HP: 27/27 MP: 1/1
   870 | D:2      | Reached XP level 3. HP: 30/33 MP: 2/2
   939 | D:2      | Found a blossoming altar of Fedhas.
  1480 | D:3      | Found a blossoming altar of Fedhas.
  1513 | D:3      | Reached skill level 1 in Dodging
  1522 | D:3      | Reached skill level 3 in Axes
  1536 | D:3      | Reached skill level 1 in Invocations
  1536 | D:3      | Reached XP level 4. HP: 32/40 MP: 3/3
  1565 | D:3      | Reached skill level 1 in Stealth
  1653 | D:3      | You fall into a shaft and drop 2 floors!
  1653 | D:5      | Entered Level 5 of the Dungeon
  1670 | D:5      | Found a glowing silver altar of Zin.
  1685 | D:5      | Reached skill level 4 in Axes
  1685 | D:5      | Reached XP level 5. HP: 32/46 MP: 3/5
  1802 | D:5      | Noticed a water moccasin
  1811 | D:5      | Reached skill level 1 in Evocations
  1858 | D:5      | Killed a water moccasin
  1859 | D:5      | Reached XP level 6. HP: 9/53 MP: 6/6
  2436 | D:5      | Reached skill level 5 in Axes
  2448 | D:5      | Found a hazy altar of Hepliaklqana.
  2559 | D:5      | Found an iron altar of Okawaru.
  2608 | D:5      | Reached XP level 7. HP: 38/60 MP: 7/7
  3024 | D:5      | Found a white marble altar of Elyvilon.
  3083 | D:5      | Found a staircase to the Ecumenical Temple.
  3182 | D:5      | Found a shadowy altar of Dithmenos.
  3352 | Temple   | Entered the Ecumenical Temple
  3588 | D:5      | Became a worshipper of Warmaster Okawaru
  3760 | D:4      | Reached skill level 6 in Axes
  4281 | D:3      | Found a radiant altar of Vehumet.
  4440 | D:4      | Noticed Robin
  4447 | D:4      | Reached skill level 5 in Armour
  4449 | D:4      | Reached skill level 5 in Shields
  4455 | D:4      | Killed Robin
  4579 | D:4      | Reached * piety under Okawaru
  4668 | D:4      | Found an opulent altar of Gozag.
  4750 | D:4      | Reached XP level 8. HP: 55/67 MP: 7/9
  4929 | D:4      | Noticed Grinder
  4938 | D:4      | Paralysed by Grinder for 2 turns
  4941 | D:4      | Killed Grinder
  4942 | D:4      | Reached skill level 7 in Axes
  5164 | D:6      | Found a runed translucent door.
  5165 | D:6      | Noticed Crazy Yiuf
  5211 | D:6      | Reached ** piety under Okawaru
  5518 | D:6      | Reached skill level 5 in Fighting
  5518 | D:6      | Reached skill level 8 in Axes
  5944 | D:6      | Found an ancient bone altar of Kikubaaqudgha.
  6093 | D:7      | Found a flagged portal.
  6113 | Bailey   | Entered a bailey
  6237 | Bailey   | Reached XP level 9. HP: 51/74 MP: 10/10
  6850 | Bailey   | Noticed an orc sorcerer
  6861 | Bailey   | Killed an orc sorcerer
  6861 | Bailey   | Reached *** piety under Okawaru
  6862 | Bailey   | Reached skill level 9 in Axes
  7088 | Bailey   | Acquired the ring "Hinwaet" {rF+ Str+6 Int+4}
  9104 | Bailey   | Noticed an orc high priest
  9153 | Bailey   | Noticed a hellwing
  9153 | Bailey   | Noticed a sixfirhy
  9160 | Bailey   | Slain by a sixfirhy

Illustrated notes

Levels and vault maps discovered:
D:1:      minmay_arrival_four_houses, layout_basic,
          nicolae_ecumenical_snake_handling, chequers_serial_rivers_room_b,
          st_stairs_4, supply_closet_lemuel, grunt_decor_mini_mirrors
D:2:      layout_rooms, basic_altar
D:3:      layout_basic, nicolae_vehumet_radiance, fedhas_ov_isle_minmay,
          minmay_lizard_king
D:4:      layout_cave_pools, nicolae_gozag_cash_rules_everything_around_me,
          minmay_fractal_squares_5, uniq_grinder, uniq_robin
D:5:      layout_basic, lemuel_doored_altar, mainiacjoe_overflow_chevrons,
          mainiacjoe_overflow_24_doors, nicolae_elyvilon_temple_path,
          lemuel_round_altar, minmay_temple_entry_enclosed_plants
D:6:      layout_gridville, lemuel_crystal_altar, uniq_crazy_yiuf_cottage
D:7:      layout_rooms, dk_yredelemnul_ordeal, enter_bailey_6, serial_shops,
          nicolae_take_the_stairs
Temple:   compressed_dpeg_triangle_lava_temple
Bailey:   bailey_axe_of_yendor_kennysheep, bailey

Skill      XL: |  1  2  3  4  5  6  7  8  9 |
---------------+----------------------------+-----
Shields        | 4 5 6 |  6.0
Armour         | 4 5 6 |  6.2
Fighting       | 4 5 |  5.3
Dodging        | 1 2 3 4 |  4.3
Axes           | 3 4 5 6 8 9 |  9.6
Invocations    | 1 2 3 4 |  4.0
Stealth        | 1 2 3 |  3.5
Evocations     | 1 2 3 |  3.4

Action                   |  1- 3 |  4- 6 |  7- 9 || total
-------------------------+-------+-------+-------++-------
Melee: War axe           |    79 |    53 |   300 ||   432
       Headbutt          |     9 |     7 |    46 ||    62
Invok: Heroism           |       |       |     2 ||     2
  Use: Scroll            |     2 |       |     7 ||     9
       Potion            |       |     3 |     1 ||     4
Armor: Scale mail        |    39 |    21 |    79 ||   139
       Plate armour      |       |       |    22 ||    22
Dodge: Dodged            |    29 |    41 |   166 ||   236
Block: Buckler           |    12 |    13 |    67 ||    92
